 Dungeon Crawl Stone Soup version 0.31.0-32-g396128a36d (webtiles) character file.

Game seed: 18144534153288875703

22617 AgateBread the Peltast (level 12, -3/113 HPs)
             Began as a Minotaur Hunter on Apr 12, 2024.
             Was a Follower of Ashenzari.
             Slain by a wolf (4 damage)
             ... while petrified by a basilisk
             ... on level 3 of the Lair of Beasts on Apr 13, 2024.
             The game lasted 01:28:11 (20982 turns).

AgateBread the Peltast (Minotaur Hunter)           Turns: 20982, Time: 01:28:11

Health: -3/113     AC: 14    Str: 17    XL:     12   Next: 64%
Magic:  11/11      EV:  2    Int:  6    God:    Ashenzari [*.....]
Gold:   113        SH:  0    Dex: 24    Spells: 11/11 levels left

rFire   . . .        b - +0 scimitar (freeze)
rCold   . . .        G - +3 kite shield
rNeg    + + +        X - +0 chain mail
rPois   ∞            (helmet restricted)
rElec   .            u - scarf "Prison of the Bound God" {shadows, Elem, Range} (curse)
rCorr   .            m - +0 pair of gloves
SInv    .            E - +0 pair of boots "Share My Annoyance" {Dev, Melee} (curse)
Will    .....        z - amulet of the acrobat
Stlth   x              - ring of poison resistance
HPRegen 0.38/turn    B - +6 ring of dexterity
MPRegen 0.12/turn

%: acrobat
@: petrified
A: horns 2, retaliatory headbutt
a: Renounce Religion, Curse Item, Shatter the Chains


You were on level 3 of the Lair of Beasts.
You worshipped Ashenzari.
Ashenzari was aware of your devotion.
You visited 3 branches of the dungeon, and saw 13 of its levels.
You also visited: Ice Cave.

You collected 821 gold pieces.
You spent 708 gold pieces at shops.

Inventory:

Hand Weapons
 b - a +0 scimitar of freezing (weapon)
 e - a +1 short sword of venom
 k - a +2 whip of electrocution
 t - a +3 dagger of flaming
 I - a +1 short sword of holy wrath
 P - a +6 shortbow of freezing
 T - a +2 whip of venom
Missiles
 l - 32 poisoned darts
Armour
 c - a +0 scale mail
 m - a +0 pair of gloves (worn)
 u - the cursed scarf "Prison of the Bound God" (worn) {shadows, Elem, Range}
   (You found it on level 4 of the Dungeon)

   It has a curse which improves the following skills: Elements: Fire Magic, Ice
   Magic, Air Magic and Earth Magic.
   Ranged Combat: Ranged Weapons and Throwing.
 E - the cursed +0 pair of boots "Share My Annoyance" (worn) {Dev, Melee}
   (You found it on level 4 of the Dungeon)

   It has a curse which improves the following skills: Devices: Evocations and
   Shapeshifting.
   Melee Combat: Short Blades, Long Blades, Axes, Maces & Flails, Polearms,
   Staves and Unarmed Combat.
 G - a +3 kite shield (worn)
 M - +1 acid dragon scales
 O - a +0 pair of boots
 X - a +0 chain mail (worn)
Jewellery
 a - a ring of protection from fire
 g - a ring of protection from fire
 x - a ring of poison resistance (left hand)
 y - a ring of willpower
 z - an amulet of the acrobat (around neck)
 B - a +6 ring of dexterity (right hand)
 N - a +6 ring of strength
 Q - a +6 ring of strength
Talismans
 C - a maw talisman
Wands
 o - a wand of mindburst (4) (quivered)
 w - a wand of flame (11)
Scrolls
 d - a scroll of revelation
 p - 2 scrolls of noise
 H - a scroll of vulnerability
 K - 2 scrolls of immolation
 U - 4 scrolls of fog
Potions
 h - 3 potions of invisibility
 i - a potion of resistance
 j - a potion of magic
 r - 3 potions of enlightenment
 s - 2 potions of cancellation
 v - 2 potions of attraction
 D - 3 potions of curing
 F - a potion of might
 J - a potion of ambrosia
 L - 2 potions of lignification


   Skills:
 + Level 12.7 Fighting
 - Level 9.2(10.0) Long Blades
 - Level 10.1(10.8) Ranged Weapons
 - Level 10.0 Armour
 + Level 8.7 Dodging
 - Level 0.7 Stealth
 - Level 15.2 Shields


You had 11 spell levels left.
You didn't know any spells.
Your spell library contained the following spells:

 Spells                   Type           Power      Damage    Failure   Level
 Foxfire                  Conj/Fire      0%         2x1d4     99%         1
 Slow                     Hex            0%         N/A       99%         1
 Mercury Vapours          Alch/Air       0%         N/A       100%        2
 Call Canine Familiar     Summ           0%         N/A       100%        3
 Confusing Touch          Hex            0%         N/A       100%        3
 Inner Flame              Hex/Fire       0%         N/A       100%        3
 Mephitic Cloud           Conj/Alch/Air  0%         N/A       100%        3
 Ozocubu's Armour         Ice            0%         N/A       100%        3
 Sigil of Binding         Hex            0%         N/A       100%        3
 Tukima's Dance           Hex            0%         N/A       100%        3
 Vampiric Draining        Necr           0%         2d6       100%        3
 Animate Dead             Necr           0%         N/A       100%        4
 Dimensional Bullseye     Hex/Tloc       0%         N/A       100%        4
 Flame Wave               Conj/Fire      0%         2d4       100%        4
 Iskenderun's Mystic Bla  Conj/Tloc      0%         2d3       100%        4
 Sticky Flame             Fire/Alch      0%         2d4       100%        4
 Borgnjor's Vile Clutch   Necr/Erth      0%         N/A       100%        5
 Freezing Cloud           Conj/Ice/Air   0%         6-21      100%        5
 Metabolic Englaciation   Hex/Ice        0%         N/A       100%        5
 Death Channel            Necr           0%         N/A       100%        6
 Plasma Beam              Fire/Air       0%         2x1d10    100%        6
 Sculpt Simulacrum        Ice/Alch       0%         N/A       100%        6
 Starburst                Conj/Fire      0%         6d3       100%        6


Dungeon Overview and Level Annotations

Branches:
Dungeon (9/15)             Temple (1/1) D:7            Lair (3/5) D:9
 Shoals (0/4) Lair:2       Spider (0/4) Lair:2        IceCv (visited)
    Orc: D:9-12

Altars:
Ashenzari
Cheibriados
Dithmenos
Elyvilon
Fedhas
Gozag
Hepliaklqana
Kikubaaqudgha
Nemelex Xobeh
Okawaru
Qazlal
Ru
Sif Muna
Trog
Uskayaw
Vehumet
Xom
Yredelemnul
Zin
The Shining One

Shops:
D:2 *   D:3 ?   D:8 =*

Annotations:
Lair:1 3 runed translucent doors, hawkwood's ghost, journeyman DgAr


Innate Abilities, Weirdness & Mutations

You have a pair of horns on your head.
You reflexively headbutt those who attack you in melee.


Message History

The basilisk hisses menacingly.
You block the basilisk's attack. The komodo dragon bites you!!
* * * LOW HITPOINT WARNING * * *
You block the wolf's attack. The wyvern bites you.
* * * LOW HITPOINT WARNING * * *
The basilisk bites you.
* * * LOW HITPOINT WARNING * * *
Your limbs are stiffening.
You feel better. You block the wolf's attack. You block the wyvern's attack.
The blink frog blinks!
The komodo dragon barely misses you. You block the wolf's attack.
The basilisk bites you!
* * * LOW HITPOINT WARNING * * *
The wyvern closely misses you. You furiously retaliate!
You headbutt the wyvern!
The blink frog blinks!
The komodo dragon barely misses you. The wolf bites you.
* * * LOW HITPOINT WARNING * * *
You have turned to stone.
The wyvern bites you but does no damage.
The basilisk gazes at you. The wolf bites you but does no damage.
The komodo dragon barely misses you. The wyvern bites you.
The blink frog blinks!
The wolf bites you!
* * * LOW HITPOINT WARNING * * *
The basilisk bites you!
* * * LOW HITPOINT WARNING * * *
The wyvern bites you.
* * * LOW HITPOINT WARNING * * *
The wolf bites you.
* * * LOW HITPOINT WARNING * * *
The komodo dragon bites you!
* * * LOW HITPOINT WARNING * * *
The wyvern bites you but does no damage.
The wolf bites you but does no damage. The basilisk bites you!
* * * LOW HITPOINT WARNING * * *
The blink frog blinks!
The komodo dragon bites you.
* * * LOW HITPOINT WARNING * * *
The wyvern bites you.
* * * LOW HITPOINT WARNING * * *
The wolf bites you!
You die...

†##........†## ##
..............
...##.##.##.#. # #
##
†.#..#y.#..###..#.
#. .####.##
##.#.##.##. #.# .
F.F..... .#..
#...§. .. #....
#llk##.... ....
#@lyF... ..
##hl.### k#..# ##
... #.


You could see a komodo dragon, 3 basilisks, 3 blink frogs, 2 wyverns, a wolf and
a killer bee.

Vanquished Creatures
  A two-headed ogre (D:8)
  2 death yaks (Lair:2)
  Amaemon (Lair:3)
  3 harpies (Lair:1)
  3 black mambas
  7 cane toads
  An orange demon (Lair:3)
  2 rime drakes (Lair:2)
  2 komodo dragons
  3 polar bears
  3 hornets (D:9)
  18 blink frogs
  A slime creature (D:8)
  A jumping spider (Lair:2)
  7 yaks
  5 wyverns
  A wraith (D:9)
  2 steam dragons
  2 basilisks
  A redback (Lair:2)
  3 acid dragons
  9 water moccasins
  2 sky beasts
  4 orc warriors
  2 black bears
  2 ice beasts (D:7)
  2 ogres
  2 centaurs
  12 wolves
  A phantom (D:5)
  4 kobold brigands
  A gnoll sergeant (D:8)
  5 scorpions
  14 bullfrogs
  3 wights (D:8)
  21 killer bees
  3 howler monkeys (D:9)
  3 electric eels (D:9)
  A bombardier beetle (D:3)
  2 lava snakes (D:7)
  A jelly (D:4)
  4 orc priests
  5 hounds
  2 gnoll boudas
  Natasha (thrice) (D:2)
  4 iguanas (D:6)
  2 orc wizards
  14 gnolls
  8 adders
  A shadow imp (D:7)
  3 white imps
  4 ufetubi
  4 dart slugs
  2 ribbon worms (D:2)
  28 orcs
  2 ball pythons
  3 bats
  4 endoplasms
  6 giant cockroaches
  7 goblins
  6 hobgoblins
  4 jackals (D:3)
  2 quokkas
  23 kobolds
  3 rats
307 creatures vanquished.

Vanquished Creatures (others)
  5 kobolds (D:8)
5 creatures vanquished.

Grand Total: 312 creatures vanquished

Notes
Turn   | Place    | Note
-------+----------+-------------------------------------------
     0 | D:1      | AgateBread the Minotaur Hunter began the quest for the Orb.
     0 | D:1      | Reached XP level 1. HP: 18/18 MP: 0/0
   416 | D:1      | Reached XP level 2. HP: 16/25 MP: 1/1
  1021 | D:2      | Noticed Natasha
  1035 | D:2      | Killed Natasha
  1036 | D:2      | Reached XP level 3. HP: 5/31 MP: 2/2
  1300 | D:2      | Noticed Natasha
  1319 | D:2      | Killed Natasha
  1320 | D:2      | Reached skill level 5 in Ranged Weapons
  1320 | D:2      | Reached XP level 4. HP: 27/40 MP: 3/3
  2498 | D:2      | Found a white marble altar of Elyvilon.
  2505 | D:2      | Noticed Natasha
  2513 | D:2      | Killed Natasha
  2514 | D:2      | Reached XP level 5. HP: 42/46 MP: 4/4
  2844 | D:2      | Found Wamin's General Store.
  2853 | D:2      | Bought a scroll of identify for 22 gold pieces
  3562 | D:3      | Found Nosuwnur's Magic Scroll Emporium.
  3763 | D:3      | Reached XP level 6. HP: 50/55 MP: 5/5
  3888 | D:4      | Reached skill level 5 in Fighting
  4176 | D:4      | Found a bloodstained altar of Trog.
  4500 | D:5      | Entered Level 5 of the Dungeon
  4596 | D:5      | Reached skill level 1 in Armour
  4851 | D:5      | Reached skill level 5 in Dodging
  5412 | D:5      | Reached XP level 7. HP: 50/62 MP: 6/6
  6726 | D:5      | Reached skill level 5 in Armour
  6726 | D:5      | Reached XP level 8. HP: 63/73 MP: 7/7
  7831 | D:6      | Found a glowing golden altar of the Shining One.
  7877 | D:6      | Found an iron altar of Okawaru.
  8258 | D:7      | Found a shimmering altar of Xom.
  8462 | D:2      | Bought a +6 shortbow for 385 gold pieces
  8521 | D:3      | Bought a scroll of identify for 28 gold pieces
  8691 | D:7      | Reached XP level 9. HP: 85/85 MP: 8/8
  8728 | D:7      | Reached skill level 10 in Fighting
  8740 | D:7      | Found a staircase to the Ecumenical Temple.
  8755 | Temple   | Entered the Ecumenical Temple
  8956 | Temple   | Became a worshipper of Ashenzari the Shackled
  9071 | D:7      | Reached skill level 1 in Long Blades
  9597 | D:8      | You fall into a shaft and drop 1 floor!
  9615 | D:9      | Paralysed by a hornet for 2 turns
  9648 | D:9      | Found a glowing silver altar of Zin.
  9672 | D:9      | Paralysed by a hornet for 3 turns
 10330 | D:9      | Reached skill level 5 in Long Blades
 10796 | D:9      | Reached XP level 10. HP: 43/93 MP: 9/9
 11039 | D:9      | Reached skill level 10 in Armour
 11062 | D:9      | Found an ancient bone altar of Kikubaaqudgha.
 11101 | D:9      | Found a radiant altar of Vehumet.
 11135 | D:9      | Found a staircase to the Lair.
 11753 | D:8      | Found Gozag's Platinum Reserve.
 11790 | D:8      | Found an opulent altar of Gozag.
 12213 | D:8      | Noticed a two-headed ogre
 12240 | D:8      | Killed a two-headed ogre
 12540 | D:8      | Noticed a cyan ugly thing
 12935 | D:3      | Bought a scroll of teleportation for 42 gold pieces
 12935 | D:3      | Bought a scroll of teleportation for 42 gold pieces
 13093 | D:8      | Reached skill level 10 in Ranged Weapons
 13665 | D:8      | Found a shadowy altar of Dithmenos.
 13708 | D:8      | Found Peleorij's Jewellery Boutique.
 13711 | D:8      | Reached skill level 1 in Shields
 13717 | D:8      | Reached skill level 2 in Shields
 13893 | D:8      | Reached skill level 3 in Shields
 13920 | D:8      | Reached skill level 4 in Shields
 14242 | Lair:1   | Entered Level 1 of the Lair of Beasts
 14242 | Lair:1   | Noticed a black mamba
 14253 | Lair:1   | Killed a black mamba
 14254 | Lair:1   | Reached skill level 5 in Shields
 14322 | Lair:1   | Reached skill level 6 in Shields
 14366 | Lair:1   | Reached XP level 11. HP: 99/99 MP: 10/10
 14622 | Lair:1   | Found a frozen archway.
 14634 | IceCv    | Entered an ice cave
 14642 | IceCv    | Reached skill level 7 in Shields
 14651 | IceCv    | Reached skill level 8 in Shields
 14886 | IceCv    | Noticed a death yak
 14915 | IceCv    | Reached skill level 9 in Shields
 15436 | Lair:1   | Reached * piety under Ashenzari
 15510 | Lair:1   | Reached skill level 10 in Shields
 15715 | Lair:1   | Reached skill level 11 in Shields
 15794 | Lair:1   | Reached skill level 12 in Shields
 16145 | Lair:1   | Found a runed translucent gate.
 16146 | Lair:1   | Noticed hawkwood's ghost (journeyman DgAr)
 16147 | Lair:1   | Noticed a 12-headed hydra
 16152 | Lair:1   | Found a runed translucent gate.
 16154 | Lair:1   | Found a runed translucent gate.
 16155 | Lair:1   | Noticed an 11-headed hydra
 16542 | Lair:2   | Reached skill level 13 in Shields
 16586 | Lair:2   | Reached skill level 14 in Shields
 16778 | Lair:2   | Found a hole to the Spider Nest.
 16940 | Lair:2   | Noticed a harpy
 16940 | Lair:2   | Noticed a harpy
 16940 | Lair:2   | Noticed a harpy
 16971 | Lair:1   | Killed a harpy
 16972 | Lair:1   | Reached skill level 15 in Shields
 17421 | Lair:2   | Found a staircase to the Shoals.
 17444 | Lair:1   | Killed a harpy
 17464 | Lair:1   | Killed a harpy
 17983 | Lair:2   | Noticed a death yak
 17985 | Lair:2   | Noticed a death yak
 18001 | Lair:2   | Noticed a death yak
 18012 | Lair:3   | Found an ancient bone altar of Kikubaaqudgha.
 18539 | Lair:2   | Reached XP level 12. HP: 94/107 MP: 11/11
 18972 | D:3      | Bought a scroll of brand weapon for 133 gold pieces
 18973 | D:3      | Bought a scroll of fear for 56 gold pieces
 19954 | Lair:2   | Killed a death yak
 19966 | Lair:2   | Killed a death yak
 20563 | Lair:3   | Noticed Amaemon
 20580 | Lair:3   | Killed Amaemon
 20940 | Lair:3   | Noticed a catoblepas
 20982 | Lair:3   | HP: 4/113 [basilisk (4)]
 20982 | Lair:3   | HP: 1/113 [wyvern (2)]
 20982 | Lair:3   | Slain by a wolf

Illustrated notes

Levels and vault maps discovered:
D:1:      dpeg_arrival_oval, layout_basic
D:2:      layout_loops_ring, basic_altar, serial_shops, shop, minivault_14,
          uniq_natasha
D:3:      layout_basic, serial_shops, shop
D:4:      layout_basic, kennysheep_little_box
D:5:      layout_gridville, minmay_circle_x
D:6:      layout_rooms, mainiacjoe_overflow_catch_the_wave
D:7:      layout_loops_ring, amcnicky_altar_gilded,
          minmay_temple_entry_drinking_statues, kennysheep_pointless_box
D:8:      minmay_slanted_spiral_squares, layout_basic,
          nicolae_gozag_zags_fifth_avenue, general_overflow_altar, serial_shops,
          shop, minmay_fountain_box
D:9:      layout_roguey, mainiacjoe_overflow_surrounded_room,
          nicolae_overflow_hidden_temple, vehumet_crystals, david_lair_shrubbed,
          serial_bayou, serial_bayou_shore_b, serial_bayou_lake_a,
          serial_bayou_pond_e, serial_bayou_pond_e
Temple:   minmay_temple_curvy_loop
Lair:1:   layout_gridlike, gammafunk_ghost_hydra_chop,
          portal_ice_cave_entry_pillars_1, beast_lair_carwin_1
Lair:2:   layout_cave_shapes, nicolae_shoals_entry_roost, spider_nest_entry_a
Lair:3:   hangedman_what_comes_after_a, layout_misc_corridors, basic_altar,
          minmay_lair_oklob_items, serial_bayou_shore_a, uniq_amaemon

Skill      XL: |  1  2  3  4  5  6  7  8  9 10 11 12 |
---------------+-------------------------------------+-----
Fighting       | 3 4 5 7 9 10 12 | 12.7
Dodging        | 3 4 5 8 |  8.7
Ranged Weapons | 5 6 8 10 | 10.1
Armour         | 2 5 8 9 10 | 10.0
Long Blades    | 5 8 9 |  9.2
Shields        | 6 15 | 15.2
Stealth        | |  0.7

Action                     |  1- 3 |  4- 6 |  7- 9 | 10-12 || total
---------------------------+-------+-------+-------+-------++-------
  Melee: Dagger            |    40 |       |       |       ||    40
         Headbutt          |     9 |    16 |    30 |    61 ||   116
         Punch             |     1 |     1 |       |       ||     2
         Whip              |       |   171 |    94 |       ||   265
         Scimitar          |       |       |       |   247 ||   247
   Fire: Shortbow          |    27 |    19 |   148 |   408 ||   602
  Throw: Throwing net      |       |       |       |     1 ||     1
         Dart              |       |       |       |     1 ||     1
 Invoke: Curse Item        |       |       |       |     2 ||     2
  Evoke: Wand              |       |       |    10 |     3 ||    13
    Use: Potion            |     1 |     4 |     2 |     8 ||    15
         Scroll            |       |     3 |     9 |    16 ||    28
   Stab: Sleeping          |       |     3 |       |       ||     3
 Armour: Leather armour    |    34 |   148 |    45 |       ||   227
         Ring mail         |       |       |   113 |    83 ||   196
         Steam dragon scal |       |       |       |    73 ||    73
         Acid dragon scale |       |       |       |   100 ||   100
         Chain mail        |       |       |       |   141 ||   141
  Dodge: Dodged            |    37 |   165 |   185 |   394 ||   781
  Block: Kite shield       |       |       |       |   406 ||   406
